 Dungeon Crawl Stone Soup version 0.17.2-1-ge4368a0 (webtiles) character file.

150 ololoev the Chopper (level 5, -11/61 HPs)
             Began as a Demonspawn Berserker on July 28, 2016.
             Was a Believer of Trog.
             Mangled by an orc warrior
             ... wielding a +0 short sword
              (13 damage)
             ... on level 6 of the Dungeon.
             The game lasted 00:06:43 (882 turns).

ololoev the Chopper (Demonspawn Berserker)           Turns: 882, Time: 00:06:44

Health: -11/61     AC:  7    Str: 23    XL:     5   Next: 10%
Magic:  5/5        EV: 11    Int:  6    God:    Trog [**....]
Gold:   117        SH:  0    Dex: 12    Spells: 0 memorised, 4 levels left

rFire  . . .     SeeInvis .     a - +0 hand axe
rCold  . . .     Clarity  .     v - +0 scale mail
rNeg   + . .     SustAt   .     (no shield)
rPois  .         Gourm    .     (helmet restricted)
rElec  .         Spirit   .     (no cloak)
rCorr  .         Warding  +     (no gloves)
rMut   .         Stasis   .     (no boots)
MR     ++...                    r - amulet of warding
Stlth  ..........               (no ring)
                                s - -3 ring of intelligence (curse)

@: berserking, regenerating, very quick, very resistant to hostile enchantments,
extremely unstealthy
A: horns 1, molten scales 1, nightstalker 1
a: Berserk, Trog's Hand, Burn Spellbooks, Renounce Religion


Innate Abilities, Weirdness & Mutations

You have a pair of small horns on your head.
You are partially covered in molten scales (AC +1).
You are slightly more attuned to the shadows.

Inventory:

Hand Weapons
 a - a +0 hand axe (weapon)
Armour
 b - a +0 animal skin
 v - a +0 scale mail (worn)
Jewellery
 r - an amulet of warding (around neck)
 s - a cursed -3 ring of intelligence (left hand)
Wands
 q - a wand of slowing (19)
 t - a wand of digging (17)
Scrolls
 d - 4 scrolls of identify {unknown}
 e - a scroll of amnesia {unknown}
 f - 3 scrolls of teleportation {unknown}
 m - a scroll of enchant armour {unknown}
 n - a scroll of remove curse {unknown}
 p - a scroll of immolation {unknown}
Potions
 h - a potion of brilliance {unknown}
 i - a potion of agility {unknown}
 k - 2 potions of curing {unknown}
Books
 u - a book of Enchantments

   Spells                             Type                      Level
   a - Cause Fear                     Hexes                        4
   b - Silence                        Hexes/Air                    5
   c - Deflect Missiles               Charms/Air                   6
   d - Haste                          Charms                       6
   e - Discord                        Hexes                        8
   Trog disapproves of the use of such an item.
Comestibles
 c - 2 bread rations
 g - 3 meat rations
 j - 3 beef jerkies
 l - a slice of pizza
 o - a chunk of flesh


   Skills:
 - Level 3.0 Fighting
 * Level 4.1 Axes
 + Level 2.8 Armour
 + Level 2.9 Dodging


You had 4 spell levels left.
You didn't know any spells.


You were on level 6 of the Dungeon.
You worshipped Trog.
Trog was pleased with you.
You were hungry.

You visited 1 branch of the dungeon, and saw 6 of its levels.

You collected 117 gold pieces.

#...## ....# #...# ##
#...## #.. #
#.o..#.#.#.##.
#.ooa#.#.#... .#
#..@.# .... .#
#....###.####### .#
#........#.....##..
#...##...........#
......#...........###
..##.#.#............<.
.. .. .#...........###
##. #...........#
#...........#

Notes
Turn   | Place    | Note
--------------------------------------------------------------
     0 | D:1      | ololoev the Demonspawn Berserker began the quest for the Orb.
     0 | D:1      | Reached XP level 1. HP: 18/18 MP: 1/1
    57 | D:1      | Gained mutation: You are partially covered in molten scales (AC +1). [demonic ancestry]
    57 | D:1      | Reached XP level 2. HP: 8/24 MP: 2/2
   239 | D:2      | Reached ** piety under Trog
   254 | D:1      | Reached XP level 3. HP: 10/29 MP: 3/3
   410 | D:3      | Gained mutation: You have a pair of small horns on your head. [demonic ancestry]
   410 | D:3      | Reached XP level 4. HP: 33/35 MP: 4/4
   605 | D:3      | Found a snail-covered altar of Cheibriados.
   737 | D:5      | Entered Level 5 of the Dungeon
   752 | D:5      | Reached skill level 4 in Axes
   860 | D:6      | Gained mutation: You are slightly more attuned to the shadows. [demonic ancestry]
   860 | D:6      | Reached XP level 5. HP: 24/41 MP: 5/5
   872 | D:6      | Noticed an orc warrior
   881 | D:6      | HP: 1/61 [orc warrior/short sword (8)]
   882 | D:6      | Mangled by an orc warrior

Dungeon Overview and Level Annotations

Branches:
Dungeon (6/15)
 Temple: D:4-7

Altars:
Cheibriados


Message History

Use which ability? (? or * to list)
A red film seems to cover your vision as you go berserk!
You feel yourself moving faster!
You feel mighty!
You are feeling hungry.
An orc comes into view. It is wielding a flail.
Unknown command.
You barely miss the orc warrior.
The orc shouts!
You hit the orc.
The orc is moderately wounded.
The orc warrior hits you with a short sword!
The orc hits you with a flail!
A worker ant comes into view.
You barely miss the orc warrior.
The worker ant twitches its antennae in your direction.
You slash the orc!
You kill the orc!
Trog accepts your kill.
The orc warrior hits you with a short sword!
Unknown command.
You slash the orc warrior!
The orc warrior is moderately wounded.
You completely miss the orc. The orc hits you but does no damage.
Unknown command.
You barely miss the orc warrior. Your headbutt misses the orc warrior.
The orc warrior is moderately wounded.
You closely miss the orc.
The orc warrior hits you with a short sword!
Unknown command.
You hit the orc warrior.
The orc warrior is heavily wounded.
You barely miss the orc. The orc barely misses you.
The orc warrior hits you with a short sword!
Unknown command.
You hit the orc warrior.
The orc warrior is severely wounded.
You hit the orc.
The orc is moderately wounded.
The orc warrior hits you with a short sword!
You die...

You could see an orc warrior, a worker ant and 2 orcs.

Vanquished Creatures
  A worker ant (D:6)
  A hound skeleton (D:5)
  7 adders
  A worm (D:3)
  A giant gecko (D:1)
  2 orcs
  3 giant cockroaches
  5 hobgoblins
  11 jackals
  4 kobolds
  4 bats (D:2)
  3 giant newts
  5 goblins
  5 rats
53 creatures vanquished.

Action                   |  1- 3 |  4- 6 || total
-------------------------+-------+-------++-------
Melee: Hand axe          |    77 |    42 ||   119
Invok: Berserk           |     5 |     2 ||     7
       Trog's Hand       |     1 |     2 ||     3
Evoke: Wand              |       |     1 ||     1
 Stab: Sleeping          |     1 |       ||     1
  Eat: Chunk             |     2 |     4 ||     6

Vault maps used:
D:1:      tarquinn_simple_flora_water_c, st_stairs_3
D:2:      grunt_temple_overflow_growth_and_decay
D:3:      cheibriados_altar_1
D:4:      minmay_temple_entry_overgrown, first_bread, serial_shops, shop
D:6:      serial_shops, kennysheep_mini_moat, dk_rats_in_the_wall
